LOS ANGELES Kings vs TORONTO Maple Leafs

Created - 19 février 2024 at 21:27

Goals
1 2 3 T
LOS ANGELES Kings 0 1 0 1
TORONTO Maple Leafs 1 2 0 3
Shots
1 2 3 T
LOS ANGELES Kings 9 8 3 20
TORONTO Maple Leafs 6 20 19 45

1st period

1. TORONTO Maple Leafs , Vince Dunn 2 (Tyler Seguin 7, Shayne Gostisbehere 6) at 15:22 (PP)

Penalties :
Hampus Lindholm (LAK) for Tripping (Minor) at 13:41

2nd period

2. TORONTO Maple Leafs , Tyler Seguin 6 (Vince Dunn 9, Shayne Gostisbehere 7) at 9:55 (PP)
3. LOS ANGELES Kings , Mitchell Marner 8 (Anze Kopitar 5) at 10:14
4. TORONTO Maple Leafs , Corey Perry 5 (Kevin Stenlund 1) at 17:48

Penalties :
Sam Lafferty (TOR) for Roughing (Minor) at 2:11, Dawson Mercer (LAK) for Interference (Minor) at 9:28, Rasmus Andersson (LAK) for Interference (Minor) at 11:50, Dawson Mercer (LAK) for Tripping (Minor) at 15:25, Hampus Lindholm (LAK) for Roughing (Minor) at 19:35

3rd period

No Goal

Penalties :
Dominik Kubalik (LAK) for High sticking (Minor) at 7:42, Rem Pitlick (LAK) for Cross-checking (Minor) at 14:53

Goalie Stats

Vitek Vanecek (LAK), 42 saves from 45 shots - (0,933), L, 5-4-0, 60:00 minutes
Matt Murray (TOR), 19 saves from 20 shots - (0,950), W, 7-2-0, 60:00 minutes

Players Stats for LOS ANGELES Kings

Player Name              G  A  P  +/- PIM S  H  SB GA TA FO     MP     PP MP  PK MP  
------------------------------------------------------------------------------------
Anze Kopitar             0  1  1   1  0   2  1  0  0  0  16/30  23:45   1:15   3:38 
Calle Rosen              0  0  0   1  0   0  1  0  0  0  0/0    13:23   0:00   1:28 
Carl Grundstrom          0  0  0  -1  0   0  3  0  0  0  0/1    12:14   0:00   0:00 
Dawson Mercer            0  0  0   0  4   3  1  0  0  0  17/40  21:53   0:44   6:19 
Dominik Kubalik          0  0  0   0  2   0  4  0  0  0  0/0    15:35   0:44   0:00 
Drew Doughty             0  0  0  -1  0   2  0  1  0  0  0/0    27:11   1:24   5:53 
Hampus Lindholm          0  0  0   0  4   0  1  3  0  0  0/0    18:33   0:35   3:51 
Joel Kiviranta           0  0  0   0  0   0  0  0  0  0  0/0     0:00   0:00   0:00 
Jonathan Huberdeau       0  0  0   1  0   1  0  0  0  0  0/0    18:37   1:15   1:07 
Marc Staal               0  0  0  -1  0   2  2  0  0  0  0/0    18:22   0:00   0:00 
Marcus Pettersson        0  0  0   1  0   4  3  1  0  0  0/0    19:41   0:35   7:11 
Mark Stone               0  0  0   0  0   1  2  0  0  0  0/1    15:36   0:44   0:00 
Mitchell Marner          1  0  1   1  0   3  0  0  0  0  3/7    24:28   1:15   4:21 
Oskar Sundqvist          0  0  0  -1  0   0  3  0  0  0  4/12   12:29   0:00   0:15 
Parker Kelly             0  0  0   0  0   0  0  0  0  0  0/0     0:00   0:00   0:00 
Pierre Engvall           0  0  0   0  0   0  1  1  0  0  1/1    11:03   0:00   8:26 
Rasmus Andersson         0  0  0   0  2   2  3  2  0  0  0/0    22:47   1:24   5:43 
Rem Pitlick              0  0  0  -1  2   0  0  0  0  0  0/1    12:13   0:00   0:00 

Players Stats for TORONTO Maple Leafs

Player Name              G  A  P  +/- PIM S  H  SB GA TA FO     MP     PP MP  PK MP  
------------------------------------------------------------------------------------
Alex Goligoski           0  0  0   0  0   0  0  2  0  0  0/0    11:23   0:00   1:06 
Artem Zub                0  0  0   0  0   0  2  0  0  0  0/0    10:17   0:00   0:00 
Colin White              0  0  0   0  0   2  2  0  0  0  0/0    19:18   5:33   0:00 
Corey Perry              1  0  1   0  0   3  6  0  0  0  1/4    25:08   6:30   1:28 
Dennis Gilbert           0  0  0   1  0   0  0  0  0  0  0/0     4:34   0:00   0:00 
John Marino              0  0  0   0  0   9  3  1  0  0  0/0    19:46   5:02   0:53 
Jonah Gadjovich          0  0  0   0  0   0  3  0  0  0  0/0    15:34   0:00   0:31 
Josh Bailey              0  0  0  -1  0   2  1  0  0  0  3/5    23:04   6:30   0:31 
Kevin Stenlund           0  1  1   1  0   0  0  0  0  0  1/2     1:07   0:00   0:00 
Mark Friedman            0  0  0   1  0   0  1  0  0  0  0/0     4:34   0:00   0:00 
Mark Jankowski           0  0  0   0  0   0  2  1  0  0  0/0    19:18   5:33   0:00 
Nick Leddy               0  0  0   0  0   1  1  2  0  0  0/0    19:46   5:02   0:53 
Ryan Carpenter           0  0  0   0  0   2  1  0  0  0  11/19  15:03   0:00   0:00 
Sam Lafferty             0  0  0   0  2   7  3  0  0  0  14/28  19:17   5:33   0:00 
Shayne Gostisbehere      0  2  2  -1  0   7  3  1  0  0  0/0    25:23   7:01   1:06 
Simon Holmstrom          0  0  0   0  0   0  0  0  0  0  0/1    15:03   0:00   0:00 
Tyler Seguin             1  1  2   0  0   7  2  0  0  0  22/34  25:08   6:30   1:28 
Vince Dunn               1  1  2  -1  0   5  3  0  0  0  0/0    24:17   7:01   0:00 

3 Stars

1 - Corey Perry (TOR)
2 - Tyler Seguin (TOR)
3 - Vince Dunn (TOR)

Power Play

LOS ANGELES Kings - 0 on 1 Attempt(s) - 0,00%
TORONTO Maple Leafs - 2 on 7 Attempt(s) - 28,57%

Penalty Kill

LOS ANGELES Kings - 5 on 7 Attempt(s) - 71,43% - Score 0 goal in Penalty Kill
TORONTO Maple Leafs - 1 on 1 Attempt(s) - 100,00% - Score 0 goal in Penalty Kill

Team Stat

LOS ANGELES Kings - Hits : 25 - Faceoff Wins : 41 - Blocked Shots : 8 - Penalty Minutes : 14
TORONTO Maple Leafs - Hits : 33 - Faceoff Wins : 52 - Blocked Shots : 7 - Penalty Minutes : 2

Official

Referees : Mitch Dunning and Pierre Lambert
Linesman : Trent Knorr and Ryan Gibbons

Game Notes

No Game Note

Finance

Level 1 -- Attendance: 6069 (86,70%) -- Ticket Income $576,555
Level 2 -- Attendance: 4422 (73,70%) -- Ticket Income $265,320
Level 3 -- Attendance: 1767 (58,90%) -- Ticket Income $70,680
Level 4 -- Attendance: 4549 (75,82%) -- Ticket Income $90,980
Luxury Box -- Attendance: 774 (77,40%) -- Ticket Income $174,150
Game was played at the Air Canada Centre.
Total Attendance: 17581 (76,44%)
Total Ticket Income: $1,177,685
Other Income: $294,421
Total Income: $1,472,106

LOS ANGELES Kings

5 vs 5 Forward 
   Center                   Left Wing                Right Wing               Time % Phy DF OF 
 1 Anze Kopitar             Jonathan Huberdeau       Mitchell Marner          41     1   2  2  
 2 Dawson Mercer            Dominik Kubalik          Mark Stone               31     1   2  2  
 3 Oskar Sundqvist          Carl Grundstrom          Rem Pitlick              20     2   2  1  
 4 Anze Kopitar             Pierre Engvall           Mitchell Marner          8      1   2  2  

5 vs 5 Defense 
   Defense                  Defense                                           Time % Phy DF OF 
 1 Drew Doughty             Marc Staal                                        40     1   2  2  
 2 Rasmus Andersson         Hampus Lindholm                                   30     1   2  2  
 3 Marcus Pettersson        Calle Rosen                                       20     1   2  2  
 4 Drew Doughty             Rasmus Andersson                                  10     1   2  2  

PowerPlay Forward 
   Center                   Left Wing                Right Wing               Time % Phy DF OF 
 1 Anze Kopitar             Jonathan Huberdeau       Mitchell Marner          60     1   1  3  
 2 Dawson Mercer            Dominik Kubalik          Mark Stone               40     1   1  3  

PowerPlay Defense
   Defense                  Defense                                           Time % Phy DF OF 
 1 Drew Doughty             Rasmus Andersson                                  60     1   2  2  
 2 Marcus Pettersson        Hampus Lindholm                                   40     1   2  2  

Penalty Kill 4 Players Forward 
   Center                   Wing                     Time % Phy DF OF 
 1 Dawson Mercer            Pierre Engvall           60     1   3  1  
 2 Anze Kopitar             Mitchell Marner          40     1   3  1  

Penalty Kill 4 Players Defense
   Defense                  Defense                  Time % Phy DF OF 
 1 Marcus Pettersson        Rasmus Andersson         60     1   2  2  
 2 Hampus Lindholm          Drew Doughty             40     1   2  2  

Penalty Kill - 3 Players Forward 
   Forward                                           Time % Phy DF OF 
 1 Dawson Mercer                                     60     1   3  1  
 2 Oskar Sundqvist                                   40     1   3  1  

Penalty Kill - 3 Players Defense
   Defense                  Defense                  Time % Phy DF OF 
 1 Marcus Pettersson        Rasmus Andersson         60     1   2  2  
 2 Drew Doughty             Hampus Lindholm          40     1   2  2  

4 vs 4 Forward 
   Center                   Wing                     Time % Phy DF OF 
 1 Anze Kopitar             Mitchell Marner          60     1   2  2  
 2 Dawson Mercer            Jonathan Huberdeau       40     1   2  2  

4 vs 4 Defense
   Defense                  Defense                  Time % Phy DF OF 
 1 Drew Doughty             Rasmus Andersson         60     1   2  2  
 2 Marc Staal               Hampus Lindholm          40     1   2  2  

Last Minutes Offensive
   Center                   Left Wing                Right Wing               Defense                  Defense                  
   Anze Kopitar             Jonathan Huberdeau       Mitchell Marner          Drew Doughty             Rasmus Andersson         

Last Minutes Defensive
   Center                   Left Wing                Right Wing               Defense                  Defense                  
   Dawson Mercer            Joel Kiviranta           Mitchell Marner          Drew Doughty             Rasmus Andersson         

Goaltenders
Starting : Vitek Vanecek            
Backup : Kaapo Kahkonen           

Extra Forwards
Normal : Anze Kopitar, Mitchell Marner, Jonathan Huberdeau - PP : Anze Kopitar, Mitchell Marner - PK : Mitchell Marner
Extra Defensemen
Normal : Marcus Pettersson, Drew Doughty, Rasmus Andersson - PP : Marcus Pettersson - PK : Drew Doughty, Rasmus Andersson
Penalty Shots
Mitchell Marner, Jonathan Huberdeau, Mark Stone, Anze Kopitar, Dawson Mercer

Scratches
None

TORONTO Maple Leafs

5 vs 5 Forward 
   Center                   Left Wing                Right Wing               Time % Phy DF OF 
 1 Tyler Seguin             Josh Bailey              Corey Perry              40     1   2  2  
 2 Sam Lafferty             Mark Jankowski           Colin White              30     1   2  2  
 3 Ryan Carpenter           Jonah Gadjovich          Simon Holmstrom          20     1   2  2  
 4 Kevin Stenlund           Tyler Seguin             Corey Perry              10     1   2  2  

5 vs 5 Defense 
   Defense                  Defense                                           Time % Phy DF OF 
 1 Vince Dunn               Shayne Gostisbehere                               40     1   2  2  
 2 Nick Leddy               John Marino                                       30     1   2  2  
 3 Alex Goligoski           Artem Zub                                         20     1   2  2  
 4 Mark Friedman            Dennis Gilbert                                    10     1   2  2  

PowerPlay Forward 
   Center                   Left Wing                Right Wing               Time % Phy DF OF 
 1 Tyler Seguin             Josh Bailey              Corey Perry              60     1   2  2  
 2 Sam Lafferty             Mark Jankowski           Colin White              40     1   2  2  

PowerPlay Defense
   Defense                  Defense                                           Time % Phy DF OF 
 1 Vince Dunn               Shayne Gostisbehere                               60     1   2  2  
 2 Nick Leddy               John Marino                                       40     1   2  2  

Penalty Kill 4 Players Forward 
   Center                   Wing                     Time % Phy DF OF 
 1 Tyler Seguin             Corey Perry              60     1   2  2  
 2 Josh Bailey              Sam Lafferty             40     1   2  2  

Penalty Kill 4 Players Defense
   Defense                  Defense                  Time % Phy DF OF 
 1 Alex Goligoski           Shayne Gostisbehere      60     1   2  2  
 2 Nick Leddy               John Marino              40     1   2  2  

Penalty Kill - 3 Players Forward 
   Forward                                           Time % Phy DF OF 
 1 Tyler Seguin                                      60     1   2  2  
 2 Corey Perry                                       40     1   2  2  

Penalty Kill - 3 Players Defense
   Defense                  Defense                  Time % Phy DF OF 
 1 Mark Friedman            Shayne Gostisbehere      60     1   2  2  
 2 Nick Leddy               John Marino              40     1   2  2  

4 vs 4 Forward 
   Center                   Wing                     Time % Phy DF OF 
 1 Tyler Seguin             Corey Perry              60     1   2  2  
 2 Josh Bailey              Sam Lafferty             40     1   2  2  

4 vs 4 Defense
   Defense                  Defense                  Time % Phy DF OF 
 1 Artem Zub                Shayne Gostisbehere      60     1   2  2  
 2 Nick Leddy               John Marino              40     1   2  2  

Last Minutes Offensive
   Center                   Left Wing                Right Wing               Defense                  Defense                  
   Tyler Seguin             Josh Bailey              Corey Perry              Vince Dunn               Shayne Gostisbehere      

Last Minutes Defensive
   Center                   Left Wing                Right Wing               Defense                  Defense                  
   Tyler Seguin             Josh Bailey              Corey Perry              Vince Dunn               Shayne Gostisbehere      

Goaltenders
Starting : Matt Murray              
Backup : Alex Nedeljkovic         

Extra Forwards
Normal : Ryan Carpenter, Simon Holmstrom, Jonah Gadjovich - PP : Ryan Carpenter, Simon Holmstrom - PK : Jonah Gadjovich
Extra Defensemen
Normal : Alex Goligoski, Artem Zub, Mark Friedman - PP : Alex Goligoski - PK : Artem Zub, Mark Friedman
Penalty Shots
Tyler Seguin, Corey Perry, Josh Bailey, Sam Lafferty, Colin White

Scratches
Janne Kuokkanen (Healthy)

% Time on Ice - LOS ANGELES Kings

Lines # - Real PCT - Wanted PCT - Time Play
Normal Forward
1 - 35% - 41% - 16:15
2 - 32% - 31% - 14:52
3 - 27% - 20% - 12:14
4 - 6% - 8% - 2:37
Normal Defense
1 - 40% - 40% - 18:22
2 - 31% - 30% - 14:09
3 - 26% - 20% - 11:55
4 - 3% - 10% - 1:32
PP Forward
1 - 63% - 60% - 1:15
2 - 37% - 40% - 0:44
PP Defense
1 - 71% - 60% - 1:24
2 - 29% - 40% - 0:35
PK Forward
1 - 79% - 60% - 9:33
2 - 21% - 40% - 2:30
PK Defense
1 - 62% - 60% - 7:27
2 - 38% - 40% - 4:36
PK3 Forward
1 - 0% - 60%
2 - 0% - 40%
PK3 Defense
1 - 0% - 60%
2 - 0% - 40%
44 Forward
1 - 0% - 60%
2 - 0% - 40%
44 Defense
1 - 0% - 60%
2 - 0% - 40%
Last Minute Offensive  - 0:00
Last Minute Defensive  - 0:00
Total
Forward - 60:00
Defense - 60:00

% Time on Ice - TORONTO Maple Leafs

Lines # - Real PCT - Wanted PCT - Time Play
Normal Forward
1 - 35% - 40% - 16:03
2 - 30% - 30% - 13:45
3 - 33% - 20% - 15:03
4 - 2% - 10% - 1:07
Normal Defense
1 - 38% - 40% - 17:16
2 - 30% - 30% - 13:51
3 - 22% - 20% - 10:17
4 - 10% - 10% - 4:34
PP Forward
1 - 54% - 60% - 6:30
2 - 46% - 40% - 5:33
PP Defense
1 - 58% - 60% - 7:01
2 - 42% - 40% - 5:02
PK Forward
1 - 74% - 60% - 1:28
2 - 26% - 40% - 0:31
PK Defense
1 - 55% - 60% - 1:06
2 - 45% - 40% - 0:53
PK3 Forward
1 - 0% - 60%
2 - 0% - 40%
PK3 Defense
1 - 0% - 60%
2 - 0% - 40%
44 Forward
1 - 0% - 60%
2 - 0% - 40%
44 Defense
1 - 0% - 60%
2 - 0% - 40%
Last Minute Offensive  - 0:00
Last Minute Defensive  - 0:00
Total
Forward - 60:00
Defense - 60:00

Play-by-Play

1st period


0:01 of 1st period - Tyler Seguin wins face-off versus Anze Kopitar in neutral zone.
0:17 of 1st period - Icing by Shayne Gostisbehere.
0:18 of 1st period - Tyler Seguin wins face-off versus Dawson Mercer in TORONTO Maple Leafs zone.
0:18 of 1st period - Tyler Seguin is hit by Dominik Kubalik.
0:34 of 1st period - Vince Dunn is hit by Dawson Mercer and loses puck.
0:55 of 1st period - Shot by Dawson Mercer.
0:55 of 1st period - Stopped by Matt Murray without a rebound.
0:56 of 1st period - Sam Lafferty wins face-off versus Oskar Sundqvist in TORONTO Maple Leafs zone.
1:14 of 1st period - Icing by John Marino.
1:15 of 1st period - Anze Kopitar wins face-off versus Sam Lafferty in TORONTO Maple Leafs zone.
1:21 of 1st period - Off-side.
1:22 of 1st period - Ryan Carpenter wins face-off versus Anze Kopitar in neutral zone.
2:18 of 1st period - Icing by Alex Goligoski.
2:19 of 1st period - Ryan Carpenter wins face-off versus Oskar Sundqvist in TORONTO Maple Leafs zone.
3:01 of 1st period - Icing by Nick Leddy.
3:02 of 1st period - Dawson Mercer wins face-off versus Sam Lafferty in TORONTO Maple Leafs zone.
3:30 of 1st period - Shot by Drew Doughty.
3:30 of 1st period - Shot Misses the Net.
3:32 of 1st period - Shot by Mark Stone.
3:32 of 1st period - Shot Blocked by John Marino.
3:34 of 1st period - Shot by Marc Staal.
3:34 of 1st period - Stopped by Matt Murray without a rebound.
3:35 of 1st period - Anze Kopitar wins face-off versus Tyler Seguin in TORONTO Maple Leafs zone.
3:35 of 1st period - Mitchell Marner is hit by Shayne Gostisbehere and loses puck.
3:49 of 1st period - Icing by Hampus Lindholm.
3:50 of 1st period - Anze Kopitar wins face-off versus Kevin Stenlund in LOS ANGELES Kings zone.
5:05 of 1st period - Shot by Dominik Kubalik.
5:05 of 1st period - Deflect By Dawson Mercer.
5:05 of 1st period - Stopped by Matt Murray without a rebound.
5:06 of 1st period - Ryan Carpenter wins face-off versus Oskar Sundqvist in TORONTO Maple Leafs zone.
5:06 of 1st period - Ryan Carpenter is hit by Oskar Sundqvist.
5:47 of 1st period - Shot by Rem Pitlick.
5:47 of 1st period - Deflect By Carl Grundstrom.
5:47 of 1st period - Shot Misses the Net.
6:00 of 1st period - Anze Kopitar is hit by John Marino and loses puck.
6:03 of 1st period - Shot by Jonathan Huberdeau.
6:03 of 1st period - Stopped by Matt Murray with a rebound.
6:05 of 1st period - Shot by Mitchell Marner.
6:05 of 1st period - Stopped by Matt Murray without a rebound.
6:06 of 1st period - Josh Bailey wins face-off versus Dawson Mercer in TORONTO Maple Leafs zone.
6:06 of 1st period - Josh Bailey is hit by Dominik Kubalik.
6:13 of 1st period - Off-side.
6:14 of 1st period - Anze Kopitar wins face-off versus Tyler Seguin in neutral zone.
7:38 of 1st period - Shot by Sam Lafferty.
7:38 of 1st period - Stopped by Vitek Vanecek without a rebound.
7:39 of 1st period - Oskar Sundqvist wins face-off versus Ryan Carpenter in LOS ANGELES Kings zone.
8:16 of 1st period - Icing by John Marino.
8:17 of 1st period - Dawson Mercer wins face-off versus Ryan Carpenter in TORONTO Maple Leafs zone.
8:31 of 1st period - Nick Leddy is hit by Rasmus Andersson and loses puck.
8:35 of 1st period - Icing by Hampus Lindholm.
8:36 of 1st period - Tyler Seguin wins face-off versus Mark Stone in LOS ANGELES Kings zone.
9:37 of 1st period - Icing by Mark Friedman.
9:38 of 1st period - Anze Kopitar wins face-off versus Sam Lafferty in TORONTO Maple Leafs zone.
9:38 of 1st period - Anze Kopitar is hit by Mark Friedman.
10:42 of 1st period - Anze Kopitar is hit by Artem Zub and loses puck.
10:52 of 1st period - Artem Zub is hit by Carl Grundstrom and loses puck.
11:15 of 1st period - Shayne Gostisbehere is hit by Oskar Sundqvist and loses puck.
11:22 of 1st period - Rem Pitlick is hit by Tyler Seguin and loses puck.
11:36 of 1st period - Off-side.
11:37 of 1st period - Dawson Mercer wins face-off versus Sam Lafferty in neutral zone.
11:37 of 1st period - Hampus Lindholm is hit by Sam Lafferty and loses puck.
11:43 of 1st period - Hampus Lindholm is hit by John Marino and loses puck.
11:48 of 1st period - Shot by Mark Stone.
11:48 of 1st period - Stopped by Matt Murray with a rebound.
11:50 of 1st period - Shot by Dawson Mercer.
11:50 of 1st period - Shot Blocked by Nick Leddy.
12:04 of 1st period - Icing by John Marino.
12:05 of 1st period - Anze Kopitar wins face-off versus Sam Lafferty in TORONTO Maple Leafs zone.
12:08 of 1st period - Shot by Mitchell Marner.
12:08 of 1st period - Shot Blocked by Nick Leddy.
12:58 of 1st period - Shot by Corey Perry.
12:58 of 1st period - Deflect By Tyler Seguin.
12:58 of 1st period - Stopped by Vitek Vanecek without a rebound.
12:59 of 1st period - Ryan Carpenter wins face-off versus Dawson Mercer in LOS ANGELES Kings zone.
13:18 of 1st period - Shot by Ryan Carpenter.
13:18 of 1st period - Shot Hit the Post.
13:41 of 1st period - Minor Penalty to Hampus Lindholm for Tripping.
13:42 of 1st period - Corey Perry wins face-off versus Dawson Mercer in LOS ANGELES Kings zone.
13:55 of 1st period - Shot by Tyler Seguin.
13:55 of 1st period - Shot Misses the Net.
14:05 of 1st period - Shot by Shayne Gostisbehere.
14:05 of 1st period - Stopped by Vitek Vanecek with a rebound.
15:02 of 1st period - Shot by John Marino.
15:02 of 1st period - Stopped by Vitek Vanecek without a rebound.
15:03 of 1st period - Josh Bailey wins face-off versus Mitchell Marner in LOS ANGELES Kings zone.
15:04 of 1st period - Shot by Shayne Gostisbehere.
15:04 of 1st period - Stopped by Vitek Vanecek without a rebound.
15:05 of 1st period - Mitchell Marner wins face-off versus Corey Perry in LOS ANGELES Kings zone.
15:14 of 1st period - Shayne Gostisbehere is hit by Pierre Engvall.
15:22 of 1st period - Shot by Vince Dunn.
15:22 of 1st period - The goal is going for a video replay.
15:22 of 1st period - The goal is good.
15:22 of 1st period - Goal by Vince Dunn - LOS ANGELES Kings : 0 - TORONTO Maple Leafs : 1.
15:23 of 1st period - Sam Lafferty wins face-off versus Oskar Sundqvist in neutral zone.
15:29 of 1st period - Icing by Marc Staal.
15:30 of 1st period - Sam Lafferty wins face-off versus Oskar Sundqvist in LOS ANGELES Kings zone.
16:59 of 1st period - Shot by Mitchell Marner.
16:59 of 1st period - Shot Hit the Post.
17:14 of 1st period - Icing by Marcus Pettersson.
17:15 of 1st period - Tyler Seguin wins face-off versus Dawson Mercer in LOS ANGELES Kings zone.
17:49 of 1st period - Shot by Dominik Kubalik.
17:49 of 1st period - Deflect By Dawson Mercer.
17:49 of 1st period - Shot Misses the Net.
17:51 of 1st period - Shot by Dawson Mercer.
17:51 of 1st period - Shot Misses the Net.
17:53 of 1st period - Shot by Marcus Pettersson.
17:53 of 1st period - Stopped by Matt Murray without a rebound.
17:54 of 1st period - Oskar Sundqvist wins face-off versus Ryan Carpenter in TORONTO Maple Leafs zone.
17:54 of 1st period - Oskar Sundqvist is hit by Artem Zub.
18:00 of 1st period - Shot by Rem Pitlick.
18:00 of 1st period - Shot Misses the Net.
18:02 of 1st period - Shot by Drew Doughty.
18:02 of 1st period - Stopped by Matt Murray without a rebound.
18:03 of 1st period - Anze Kopitar wins face-off versus Ryan Carpenter in TORONTO Maple Leafs zone.
18:34 of 1st period - Shot by Mitchell Marner.
18:34 of 1st period - Stopped by Matt Murray without a rebound.
18:35 of 1st period - Tyler Seguin wins face-off versus Dawson Mercer in TORONTO Maple Leafs zone.
18:37 of 1st period - Corey Perry is hit by Mark Stone and loses puck.
18:42 of 1st period - Hampus Lindholm is hit by Corey Perry and loses puck.
18:56 of 1st period - Hampus Lindholm is hit by Shayne Gostisbehere and loses puck.
Goals for this period are 0 for LOS ANGELES Kings vs 1 for TORONTO Maple Leafs.
Shots for this period are 9 for LOS ANGELES Kings vs 6 for TORONTO Maple Leafs.

2nd period


0:01 of 2nd period - Anze Kopitar wins face-off versus Tyler Seguin in neutral zone.
0:01 of 2nd period - Anze Kopitar is hit by Corey Perry.
0:10 of 2nd period - Mitchell Marner is hit by Vince Dunn and loses puck.
0:14 of 2nd period - Icing by Shayne Gostisbehere.
0:15 of 2nd period - Dawson Mercer wins face-off versus Tyler Seguin in TORONTO Maple Leafs zone.
0:15 of 2nd period - Mark Stone is hit by Vince Dunn.
0:17 of 2nd period - Shot by Dawson Mercer.
0:17 of 2nd period - Shot Misses the Net.
0:19 of 2nd period - Shot by Calle Rosen.
0:19 of 2nd period - Shot Blocked by Shayne Gostisbehere.
0:49 of 2nd period - Shot by Tyler Seguin.
0:49 of 2nd period - Stopped by Vitek Vanecek with a rebound.
0:56 of 2nd period - Dawson Mercer is hit by Corey Perry and loses puck.
1:31 of 2nd period - Off-side.
1:32 of 2nd period - Oskar Sundqvist wins face-off versus Simon Holmstrom in neutral zone.
1:53 of 2nd period - Shot by Rasmus Andersson.
1:53 of 2nd period - Stopped by Matt Murray without a rebound.
1:54 of 2nd period - Sam Lafferty wins face-off versus Anze Kopitar in TORONTO Maple Leafs zone.
2:04 of 2nd period - Icing by Marc Staal.
2:05 of 2nd period - Ryan Carpenter wins face-off versus Anze Kopitar in LOS ANGELES Kings zone.
2:05 of 2nd period - Simon Holmstrom is hit by Marc Staal and loses puck.
2:09 of 2nd period - Icing by Jonathan Huberdeau.
2:10 of 2nd period - Anze Kopitar wins face-off versus Sam Lafferty in LOS ANGELES Kings zone.
2:10 of 2nd period - Anze Kopitar is hit by Colin White.
2:11 of 2nd period - Minor Penalty to Sam Lafferty for Roughing.
2:12 of 2nd period - Anze Kopitar wins face-off versus Tyler Seguin in TORONTO Maple Leafs zone.
2:24 of 2nd period - Shot by Rasmus Andersson.
2:24 of 2nd period - Stopped by Matt Murray without a rebound.
2:25 of 2nd period - Tyler Seguin wins face-off versus Dawson Mercer in TORONTO Maple Leafs zone.
2:33 of 2nd period - Off-side.
2:34 of 2nd period - Tyler Seguin wins face-off versus Anze Kopitar in neutral zone.
2:44 of 2nd period - Mitchell Marner is hit by John Marino and loses puck.
3:17 of 2nd period - Shot by Jonathan Huberdeau.
3:17 of 2nd period - Shot Misses the Net.
3:52 of 2nd period - Off-side.
3:53 of 2nd period - Dawson Mercer wins face-off versus Josh Bailey in neutral zone.
4:09 of 2nd period - Shot by Marcus Pettersson.
4:09 of 2nd period - Stopped by Matt Murray without a rebound.
4:10 of 2nd period - Tyler Seguin wins face-off versus Dawson Mercer in TORONTO Maple Leafs zone.
4:14 of 2nd period - John Marino is hit by Calle Rosen and loses puck.
4:25 of 2nd period - Shot by Sam Lafferty.
4:25 of 2nd period - Stopped by Vitek Vanecek without a rebound.
4:26 of 2nd period - Dawson Mercer wins face-off versus Ryan Carpenter in LOS ANGELES Kings zone.
4:28 of 2nd period - Icing by Hampus Lindholm.
4:29 of 2nd period - Dawson Mercer wins face-off versus Sam Lafferty in LOS ANGELES Kings zone.
4:29 of 2nd period - Dawson Mercer is hit by Sam Lafferty.
4:37 of 2nd period - Colin White is hit by Dominik Kubalik and loses puck.
5:02 of 2nd period - Shot by Colin White.
5:02 of 2nd period - Shot Misses the Net.
5:11 of 2nd period - Hampus Lindholm is hit by Vince Dunn and loses puck.
5:52 of 2nd period - Mitchell Marner is hit by Tyler Seguin and loses puck.
6:07 of 2nd period - Shot by Tyler Seguin.
6:07 of 2nd period - Stopped by Vitek Vanecek with a rebound.
6:09 of 2nd period - Shot by John Marino.
6:09 of 2nd period - Stopped by Vitek Vanecek without a rebound.
6:10 of 2nd period - Ryan Carpenter wins face-off versus Carl Grundstrom in LOS ANGELES Kings zone.
8:05 of 2nd period - Shot by Colin White.
8:05 of 2nd period - Stopped by Vitek Vanecek with a rebound.
8:07 of 2nd period - Shot by Dennis Gilbert.
8:07 of 2nd period - Shot Misses the Net.
8:09 of 2nd period - Shot by Sam Lafferty.
8:09 of 2nd period - Stopped by Vitek Vanecek without a rebound.
8:10 of 2nd period - Anze Kopitar wins face-off versus Ryan Carpenter in LOS ANGELES Kings zone.
8:10 of 2nd period - Anze Kopitar is hit by Jonah Gadjovich.
8:48 of 2nd period - Shot by Jonathan Huberdeau.
8:48 of 2nd period - Shot Misses the Net.
9:01 of 2nd period - Icing by Drew Doughty.
9:02 of 2nd period - Anze Kopitar wins face-off versus Tyler Seguin in LOS ANGELES Kings zone.
9:28 of 2nd period - Minor Penalty to Dawson Mercer for Interference.
9:29 of 2nd period - Sam Lafferty wins face-off versus Anze Kopitar in LOS ANGELES Kings zone.
9:36 of 2nd period - Shot by Shayne Gostisbehere.
9:36 of 2nd period - Deflect By Sam Lafferty.
9:36 of 2nd period - Stopped by Vitek Vanecek without a rebound.
9:37 of 2nd period - Sam Lafferty wins face-off versus Anze Kopitar in LOS ANGELES Kings zone.
9:40 of 2nd period - Shot by John Marino.
9:40 of 2nd period - Stopped by Vitek Vanecek without a rebound.
9:41 of 2nd period - Tyler Seguin wins face-off versus Mitchell Marner in LOS ANGELES Kings zone.
9:41 of 2nd period - Tyler Seguin is hit by Hampus Lindholm.
9:47 of 2nd period - Shot by Shayne Gostisbehere.
9:47 of 2nd period - Shot Misses the Net.
9:55 of 2nd period - Shot by Tyler Seguin.
9:55 of 2nd period - Goal by Tyler Seguin - LOS ANGELES Kings : 0 - TORONTO Maple Leafs : 2.
9:56 of 2nd period - Dawson Mercer wins face-off versus Sam Lafferty in neutral zone.
9:59 of 2nd period - Artem Zub is hit by Mark Stone and loses puck.
10:10 of 2nd period - Shot by Dawson Mercer.
10:10 of 2nd period - Stopped by Matt Murray without a rebound.
10:11 of 2nd period - Anze Kopitar wins face-off versus Tyler Seguin in TORONTO Maple Leafs zone.
10:14 of 2nd period - Shot by Mitchell Marner.
10:14 of 2nd period - Goal by Mitchell Marner - LOS ANGELES Kings : 1 - TORONTO Maple Leafs : 2.
10:15 of 2nd period - Tyler Seguin wins face-off versus Mitchell Marner in neutral zone.
11:33 of 2nd period - Shot by Sam Lafferty.
11:33 of 2nd period - Stopped by Vitek Vanecek without a rebound.
11:34 of 2nd period - Ryan Carpenter wins face-off versus Rem Pitlick in LOS ANGELES Kings zone.
11:50 of 2nd period - Minor Penalty to Rasmus Andersson for Interference.
11:51 of 2nd period - Sam Lafferty wins face-off versus Dawson Mercer in LOS ANGELES Kings zone.
12:22 of 2nd period - Shot by Sam Lafferty.
12:22 of 2nd period - Shot Misses the Net.
12:24 of 2nd period - Shot by John Marino.
12:24 of 2nd period - Stopped by Vitek Vanecek without a rebound.
12:25 of 2nd period - Dawson Mercer wins face-off versus Corey Perry in LOS ANGELES Kings zone.
12:31 of 2nd period - Icing by Josh Bailey.
12:32 of 2nd period - Tyler Seguin wins face-off versus Dawson Mercer in TORONTO Maple Leafs zone.
12:42 of 2nd period - Shayne Gostisbehere is hit by Marcus Pettersson and loses puck.
12:45 of 2nd period - Shot by Vince Dunn.
12:45 of 2nd period - Stopped by Vitek Vanecek without a rebound.
12:46 of 2nd period - Sam Lafferty wins face-off versus Dawson Mercer in LOS ANGELES Kings zone.
12:53 of 2nd period - Shot by John Marino.
12:53 of 2nd period - Stopped by Vitek Vanecek without a rebound.
12:54 of 2nd period - Josh Bailey wins face-off versus Dawson Mercer in LOS ANGELES Kings zone.
12:59 of 2nd period - Shot by Shayne Gostisbehere.
12:59 of 2nd period - Shot Blocked by Drew Doughty.
13:01 of 2nd period - Shot by Josh Bailey.
13:01 of 2nd period - Stopped by Vitek Vanecek without a rebound.
13:02 of 2nd period - Tyler Seguin wins face-off versus Dawson Mercer in LOS ANGELES Kings zone.
13:02 of 2nd period - Shayne Gostisbehere is hit by Marcus Pettersson and loses puck.
13:09 of 2nd period - Shot by Shayne Gostisbehere.
13:09 of 2nd period - Stopped by Vitek Vanecek with a rebound.
13:11 of 2nd period - Shot by Vince Dunn.
13:11 of 2nd period - Stopped by Vitek Vanecek with a rebound.
13:13 of 2nd period - Shot by Corey Perry.
13:13 of 2nd period - Stopped by Vitek Vanecek without a rebound.
13:14 of 2nd period - Dawson Mercer wins face-off versus Sam Lafferty in LOS ANGELES Kings zone.
13:18 of 2nd period - Off-side.
13:19 of 2nd period - Dawson Mercer wins face-off versus Tyler Seguin in neutral zone.
13:29 of 2nd period - Off-side.
13:30 of 2nd period - Dawson Mercer wins face-off versus Corey Perry in neutral zone.
13:41 of 2nd period - Shot by Shayne Gostisbehere.
13:41 of 2nd period - Shot Misses the Net.
15:24 of 2nd period - Shot by Anze Kopitar.
15:24 of 2nd period - Stopped by Matt Murray without a rebound.
15:25 of 2nd period - Ryan Carpenter wins face-off versus Dawson Mercer in TORONTO Maple Leafs zone.
15:25 of 2nd period - Minor Penalty to Dawson Mercer for Tripping.
15:26 of 2nd period - Mitchell Marner wins face-off versus Sam Lafferty in LOS ANGELES Kings zone.
15:26 of 2nd period - Mitchell Marner is hit by Mark Jankowski.
15:38 of 2nd period - Shot by Nick Leddy.
15:38 of 2nd period - Shot Blocked by Hampus Lindholm.
15:40 of 2nd period - Shot by Nick Leddy.
15:40 of 2nd period - Shot Blocked by Pierre Engvall.
15:48 of 2nd period - Shot by Colin White.
15:48 of 2nd period - Shot Blocked by Hampus Lindholm.
15:50 of 2nd period - Shot by John Marino.
15:50 of 2nd period - Stopped by Vitek Vanecek without a rebound.
15:51 of 2nd period - Tyler Seguin wins face-off versus Mitchell Marner in LOS ANGELES Kings zone.
15:58 of 2nd period - Shot by Tyler Seguin.
15:58 of 2nd period - Shot Misses the Net.
16:24 of 2nd period - Shot by Anze Kopitar.
16:24 of 2nd period - Stopped by Matt Murray with a rebound.
16:34 of 2nd period - Anze Kopitar is hit by Josh Bailey and loses puck.
16:45 of 2nd period - Shot by John Marino.
16:45 of 2nd period - Shot Blocked by Marcus Pettersson.
16:47 of 2nd period - Shot by Nick Leddy.
16:47 of 2nd period - Stopped by Vitek Vanecek without a rebound.
16:48 of 2nd period - Mitchell Marner wins face-off versus Sam Lafferty in LOS ANGELES Kings zone.
17:32 of 2nd period - Shot by Dawson Mercer.
17:32 of 2nd period - Shot Misses the Net.
17:38 of 2nd period - Shot by Marcus Pettersson.
17:38 of 2nd period - Stopped by Matt Murray without a rebound.
17:39 of 2nd period - Kevin Stenlund wins face-off versus Oskar Sundqvist in TORONTO Maple Leafs zone.
17:48 of 2nd period - Shot by Corey Perry.
17:48 of 2nd period - Goal by Corey Perry - LOS ANGELES Kings : 1 - TORONTO Maple Leafs : 3.
17:49 of 2nd period - Ryan Carpenter wins face-off versus Dawson Mercer in neutral zone.
17:59 of 2nd period - Dawson Mercer is hit by Jonah Gadjovich and loses puck.
18:45 of 2nd period - Mitchell Marner is hit by Jonah Gadjovich and loses puck.
19:01 of 2nd period - Shot by Corey Perry.
19:01 of 2nd period - Shot Misses the Net.
19:03 of 2nd period - Shot by Corey Perry.
19:03 of 2nd period - Shot Misses the Net.
19:35 of 2nd period - Minor Penalty to Hampus Lindholm for Roughing.
19:36 of 2nd period - Dawson Mercer wins face-off versus Sam Lafferty in LOS ANGELES Kings zone.
Goals for this period are 1 for LOS ANGELES Kings vs 2 for TORONTO Maple Leafs.
Shots for this period are 8 for LOS ANGELES Kings vs 20 for TORONTO Maple Leafs.

3rd period


0:01 of 3rd period - Tyler Seguin wins face-off versus Dawson Mercer in neutral zone.
0:24 of 3rd period - Icing by Vince Dunn.
0:25 of 3rd period - Tyler Seguin wins face-off versus Dawson Mercer in TORONTO Maple Leafs zone.
0:50 of 3rd period - Shot by Vince Dunn.
0:50 of 3rd period - Stopped by Vitek Vanecek with a rebound.
1:10 of 3rd period - Shot by John Marino.
1:10 of 3rd period - Stopped by Vitek Vanecek without a rebound.
1:11 of 3rd period - Sam Lafferty wins face-off versus Anze Kopitar in LOS ANGELES Kings zone.
1:12 of 3rd period - Shot by John Marino.
1:12 of 3rd period - Stopped by Vitek Vanecek without a rebound.
1:13 of 3rd period - Sam Lafferty wins face-off versus Dawson Mercer in LOS ANGELES Kings zone.
1:27 of 3rd period - Off-side.
1:28 of 3rd period - Dawson Mercer wins face-off versus Tyler Seguin in neutral zone.
1:50 of 3rd period - Shot by Anze Kopitar.
1:50 of 3rd period - Shot Blocked by Alex Goligoski.
1:52 of 3rd period - Shot by Anze Kopitar.
1:52 of 3rd period - Shot Misses the Net.
1:54 of 3rd period - Shot by Marc Staal.
1:54 of 3rd period - Stopped by Matt Murray with a rebound.
2:00 of 3rd period - Shot by Jonathan Huberdeau.
2:00 of 3rd period - Shot Misses the Net.
2:05 of 3rd period - Icing by Artem Zub.
2:06 of 3rd period - Dawson Mercer wins face-off versus Ryan Carpenter in TORONTO Maple Leafs zone.
2:13 of 3rd period - Shot by Dominik Kubalik.
2:13 of 3rd period - Shot Misses the Net.
2:25 of 3rd period - Shot by Simon Holmstrom.
2:25 of 3rd period - Shot Hit the Post.
2:39 of 3rd period - Shot by Tyler Seguin.
2:39 of 3rd period - Stopped by Vitek Vanecek without a rebound.
2:40 of 3rd period - Tyler Seguin wins face-off versus Anze Kopitar in LOS ANGELES Kings zone.
2:43 of 3rd period - Shot by Corey Perry.
2:43 of 3rd period - Stopped by Vitek Vanecek without a rebound.
2:44 of 3rd period - Tyler Seguin wins face-off versus Anze Kopitar in LOS ANGELES Kings zone.
2:53 of 3rd period - Shot by Corey Perry.
2:53 of 3rd period - Deflect By Tyler Seguin.
2:53 of 3rd period - Shot Misses the Net.
3:43 of 3rd period - Icing by John Marino.
3:44 of 3rd period - Sam Lafferty wins face-off versus Dawson Mercer in TORONTO Maple Leafs zone.
3:54 of 3rd period - Rasmus Andersson is hit by Nick Leddy and loses puck.
4:56 of 3rd period - Shot by Carl Grundstrom.
4:56 of 3rd period - Shot Misses the Net.
4:58 of 3rd period - Shot by Marcus Pettersson.
4:58 of 3rd period - Stopped by Matt Murray with a rebound.
5:23 of 3rd period - Nick Leddy is hit by Carl Grundstrom and loses puck.
5:59 of 3rd period - Mitchell Marner is hit by Shayne Gostisbehere.
6:17 of 3rd period - Mitchell Marner is hit by Corey Perry and loses puck.
6:52 of 3rd period - Drew Doughty is hit by Ryan Carpenter and loses puck.
7:42 of 3rd period - Minor Penalty to Dominik Kubalik for High sticking.
7:43 of 3rd period - Pierre Engvall wins face-off versus Tyler Seguin in LOS ANGELES Kings zone.
7:56 of 3rd period - Shot by Shayne Gostisbehere.
7:56 of 3rd period - Shot Blocked by Rasmus Andersson.
7:58 of 3rd period - Shot by Tyler Seguin.
7:58 of 3rd period - Stopped by Vitek Vanecek without a rebound.
7:59 of 3rd period - Dawson Mercer wins face-off versus Tyler Seguin in LOS ANGELES Kings zone.
7:59 of 3rd period - Rasmus Andersson is hit by Corey Perry and loses puck.
9:06 of 3rd period - Shot by John Marino.
9:06 of 3rd period - Shot Misses the Net.
9:12 of 3rd period - John Marino is hit by Anze Kopitar and loses puck.
9:21 of 3rd period - Shot by Mitchell Marner.
9:21 of 3rd period - Shot Blocked by Mark Jankowski.
9:50 of 3rd period - Icing by Simon Holmstrom.
9:51 of 3rd period - Ryan Carpenter wins face-off versus Oskar Sundqvist in TORONTO Maple Leafs zone.
9:51 of 3rd period - Ryan Carpenter is hit by Oskar Sundqvist.
10:10 of 3rd period - Jonah Gadjovich is hit by Marc Staal and loses puck.
10:56 of 3rd period - Shayne Gostisbehere is hit by Marcus Pettersson and loses puck.
11:20 of 3rd period - Icing by Shayne Gostisbehere.
11:21 of 3rd period - Tyler Seguin wins face-off versus Anze Kopitar in TORONTO Maple Leafs zone.
11:31 of 3rd period - Josh Bailey is hit by Rasmus Andersson and loses puck.
11:39 of 3rd period - Icing by Rasmus Andersson.
11:40 of 3rd period - Anze Kopitar wins face-off versus Sam Lafferty in LOS ANGELES Kings zone.
11:45 of 3rd period - Shot by Anze Kopitar.
11:45 of 3rd period - Shot Misses the Net.
11:53 of 3rd period - Shot by Anze Kopitar.
11:53 of 3rd period - Shot Misses the Net.
12:13 of 3rd period - Shot by John Marino.
12:13 of 3rd period - Deflect By Sam Lafferty.
12:13 of 3rd period - Stopped by Vitek Vanecek without a rebound.
12:14 of 3rd period - Oskar Sundqvist wins face-off versus Ryan Carpenter in LOS ANGELES Kings zone.
13:13 of 3rd period - Jonah Gadjovich is hit by Dominik Kubalik and loses puck.
13:39 of 3rd period - Shot by Dawson Mercer.
13:39 of 3rd period - Shot Misses the Net.
13:41 of 3rd period - Shot by Calle Rosen.
13:41 of 3rd period - Shot Blocked by Alex Goligoski.
14:08 of 3rd period - Icing by Shayne Gostisbehere.
14:09 of 3rd period - Tyler Seguin wins face-off versus Anze Kopitar in TORONTO Maple Leafs zone.
14:16 of 3rd period - Shot by Corey Perry.
14:16 of 3rd period - Shot Misses the Net.
14:53 of 3rd period - Minor Penalty to Rem Pitlick for Cross-checking.
14:54 of 3rd period - Sam Lafferty wins face-off versus Dawson Mercer in LOS ANGELES Kings zone.
15:11 of 3rd period - Shot by Colin White.
15:11 of 3rd period - Stopped by Vitek Vanecek with a rebound.
15:31 of 3rd period - Anze Kopitar is hit by Sam Lafferty.
15:56 of 3rd period - Shot by Shayne Gostisbehere.
15:56 of 3rd period - Stopped by Vitek Vanecek with a rebound.
15:58 of 3rd period - Shot by Vince Dunn.
15:58 of 3rd period - Shot Misses the Net.
16:00 of 3rd period - Shot by Shayne Gostisbehere.
16:00 of 3rd period - Shot Blocked by Rasmus Andersson.
16:02 of 3rd period - Shot by Vince Dunn.
16:02 of 3rd period - Stopped by Vitek Vanecek without a rebound.
16:03 of 3rd period - Tyler Seguin wins face-off versus Dawson Mercer in LOS ANGELES Kings zone.
16:06 of 3rd period - Shot by Vince Dunn.
16:06 of 3rd period - Shot Blocked by Hampus Lindholm.
16:08 of 3rd period - Shot by Tyler Seguin.
16:08 of 3rd period - Stopped by Vitek Vanecek with a rebound.
16:10 of 3rd period - Shot by Shayne Gostisbehere.
16:10 of 3rd period - Stopped by Vitek Vanecek without a rebound.
16:11 of 3rd period - Sam Lafferty wins face-off versus Dawson Mercer in LOS ANGELES Kings zone.
16:14 of 3rd period - Shot by Vince Dunn.
16:14 of 3rd period - Shot Misses the Net.
16:16 of 3rd period - Shot by Colin White.
16:16 of 3rd period - Shot Misses the Net.
16:18 of 3rd period - Shot by Shayne Gostisbehere.
16:18 of 3rd period - Shot Misses the Net.
16:20 of 3rd period - Shot by Shayne Gostisbehere.
16:20 of 3rd period - Stopped by Vitek Vanecek with a rebound.
16:28 of 3rd period - Shot by Shayne Gostisbehere.
16:28 of 3rd period - Stopped by Vitek Vanecek without a rebound.
16:29 of 3rd period - Anze Kopitar wins face-off versus Tyler Seguin in LOS ANGELES Kings zone.
16:42 of 3rd period - Shot by John Marino.
16:42 of 3rd period - Stopped by Vitek Vanecek without a rebound.
16:43 of 3rd period - Tyler Seguin wins face-off versus Anze Kopitar in LOS ANGELES Kings zone.
17:00 of 3rd period - Shot by Carl Grundstrom.
17:00 of 3rd period - Shot Misses the Net.
17:14 of 3rd period - Shot by Simon Holmstrom.
17:14 of 3rd period - Shot Misses the Net.
17:22 of 3rd period - Shot by Ryan Carpenter.
17:22 of 3rd period - Stopped by Vitek Vanecek without a rebound.
17:23 of 3rd period - Tyler Seguin wins face-off versus Anze Kopitar in LOS ANGELES Kings zone.
17:54 of 3rd period - Shot by Josh Bailey.
17:54 of 3rd period - Stopped by Vitek Vanecek without a rebound.
17:55 of 3rd period - Dawson Mercer wins face-off versus Sam Lafferty in LOS ANGELES Kings zone.
17:55 of 3rd period - Dawson Mercer is hit by Colin White.
18:02 of 3rd period - Dominik Kubalik is hit by Mark Jankowski and loses puck.
18:11 of 3rd period - Shot by Dominik Kubalik.
18:11 of 3rd period - Shot Misses the Net.
18:13 of 3rd period - Shot by Drew Doughty.
18:13 of 3rd period - Stopped by Matt Murray without a rebound.
18:14 of 3rd period - Ryan Carpenter wins face-off versus Oskar Sundqvist in TORONTO Maple Leafs zone.
18:14 of 3rd period - Jonah Gadjovich is hit by Carl Grundstrom and loses puck.
18:39 of 3rd period - Shot by Ryan Carpenter.
18:39 of 3rd period - Stopped by Vitek Vanecek without a rebound.
18:40 of 3rd period - Anze Kopitar wins face-off versus Josh Bailey in LOS ANGELES Kings zone.
18:40 of 3rd period - Anze Kopitar is hit by Corey Perry.
19:11 of 3rd period - Shayne Gostisbehere is hit by Rasmus Andersson and loses puck.
19:17 of 3rd period - Off-side.
19:18 of 3rd period - Sam Lafferty wins face-off versus Dawson Mercer in neutral zone.
19:54 of 3rd period - Shot by Sam Lafferty.
19:54 of 3rd period - Stopped by Vitek Vanecek with a rebound.
Goals for this period are 0 for LOS ANGELES Kings vs 0 for TORONTO Maple Leafs.
Shots for this period are 3 for LOS ANGELES Kings vs 19 for TORONTO Maple Leafs. Output by the SimonT Hockey Simulator (STHS) for Martin Benoit - Original Page W3C HTML5 Valid
Hockey Simulator - Hockey Simulation - Hockey Manager